 Dungeon Crawl Stone Soup version 0.32-a0-898-g7811c86cf0 (webtiles) character file.

Game seed: 12523837379148697046

1388 Biggs the Skirmisher (level 8, -4/62 HPs)
             Began as a Coglin Hunter on Apr 4, 2024.
             Engulfed by a steam dragon's steam (7 damage)
             ... on level 5 of the Dungeon.
             The game lasted 00:06:03 (3086 turns).

Biggs the Skirmisher (Coglin Hunter)                Turns: 3086, Time: 00:06:03

Health: -4/62      AC:  4    Str: 12    XL:     8   Next: 67%
Magic:  8/8        EV: 12    Int:  8    God:
Gold:   287        SH:  0    Dex: 20    Spells: 7/7 levels left

rFire   . . .        a - +2 sling {Ximena}
rCold   . . .        d - +0 sling {Henutmehyt}
rNeg    . . .        c - +0 leather armour
rPois   .            s - +0 helmet
rElec   .            (no cloak)
rCorr   .            (no gloves)
SInv    .            (no boots)
Will    .....        (amulet unavailable)
Stlth   ++           (ring unavailable)
HPRegen 0.30/turn    (ring unavailable)
MPRegen 0.11/turn    (no gizmo)

%: no passive effects
@: mighty, revved
A: off-hand wielding, slow wielding, warmup strikes, no jewellery
a: Invent Gizmo


You were on level 5 of the Dungeon.
You visited 1 branch of the dungeon, and saw 5 of its levels.

You collected 287 gold pieces.

Inventory:

Hand Weapons
 a - a +2 sling (weapon) {Ximena}
 d - a +0 sling (offhand) {Henutmehyt}
Armour
 c - a +0 leather armour (worn)
 s - a +0 helmet (worn)
Wands
 r - a wand of flame (12)
 u - a wand of warping (7)
Scrolls
 b - a scroll of butterflies
 e - 2 scrolls of poison {unknown}
 g - a scroll of fog {unknown}
 h - a scroll of enchant armour {unknown}
 l - 2 scrolls of immolation {unknown}
 m - a scroll of fear {unknown}
 o - 2 scrolls of vulnerability {unknown}
 t - 2 scrolls of identify {unknown}
 v - a scroll of torment {unknown}
 w - a scroll of noise {unknown}
 x - a scroll of teleportation {unknown}
 y - 2 scrolls of amnesia {unknown}
Potions
 f - a potion of degeneration {unknown}
 i - 3 potions of heal wounds {unknown}
 j - a potion of magic {unknown}
 k - 5 potions of might
 n - a potion of attraction {unknown}
 p - a potion of mutation {unknown}
 q - a potion of resistance {unknown}
 z - 2 potions of berserk rage {unknown}
 A - a potion of brilliance {unknown}
 B - a potion of curing {unknown}
 C - a potion of haste {unknown}


   Skills:
 - Level 5.0 Fighting
 - Level 9.0 Ranged Weapons
 + Level 3.0 Dodging
 - Level 0.7 Stealth


You had 7 spell levels left.
You didn't know any spells.
Your spell library contained the following spells:

 Spells                   Type           Power      Damage    Failure   Level
 Magic Dart               Conj           0%         1d3       50%         1
 Blink                    Tloc           0%         N/A       63%         2
 Call Imp                 Summ           0%         N/A       63%         2
 Lesser Beckoning         Tloc           0%         N/A       63%         2
 Momentum Strike          Conj/Tloc      0%         3d8       63%         2


Dungeon Overview and Level Annotations

Branches:
Dungeon (5/15)
 Temple: D:4-7

Altars:
Fedhas
Gozag
Sif Muna
Wu Jian
Xom

Shops:
D:2 (   D:4 *


Innate Abilities, Weirdness & Mutations

You can wield a second weapon in your off-hand.
It takes a long time for you to wield or remove held weapons.
Your first few attacks do less damage.
You cannot equip rings or amulets.


Message History

Aim: Prince Ribbit (heavily wounded, 51% to hit)
You shoot a sling bullet.
The sling bullet closely misses Prince Ribbit.
The sling bullet hits the steam dragon but does no damage.
You shoot a sling bullet. The sling bullet hits Prince Ribbit!
Prince Ribbit is severely wounded.
Prince Ribbit barely misses you.
Unknown command.
Okay, then.
Fire: a) +2 sling {Ximena}
Press: ? - help, Q - select action, (/) - cycle Shift-Dir - straight line, f/p - Prince Ribbit
Aim: Prince Ribbit (severely wounded, 51% to hit)
You shoot a sling bullet. The sling bullet hits Prince Ribbit.
Prince Ribbit is almost dead.
You shoot a sling bullet. The sling bullet hits Prince Ribbit!
You kill Prince Ribbit!
Prince Ribbit returns to his original shape as he dies.
The steam dragon breathes steam at you. The ball of steam hits you!!
* * * LOW HITPOINT WARNING * * *
You hear a shout! x2
Training target 5.0 for Fighting reached!
Your Fighting skill increases to level 5!
You need to enable at least one skill for training.
Your Dodging skill gained 2 levels and is now at level 3!
Unknown command.
Aiming: Warp Space
Press: ? - help, Shift-Dir - straight line, f - steam dragon
Aim: a steam dragon (catching its breath, chance to blink: 50%) Space twists violently!
The rupture engulfs the steam dragon!
The steam dragon is moderately wounded.
You are engulfed in a cloud of scalding steam.
* * * LOW HITPOINT WARNING * * *
Unknown command.
Okay, then.
It was a potion of might.
You feel very mighty all of a sudden.
You are engulfed in a cloud of scalding steam.
You die...

#.......###..#
##.###.##....#
#.##.##.#
#.##.##.# #
#.......# #.
####.#### #..
#..#
.)#...#####.#
.....)D@ยงยง#.#
.)##.####>#.#
####.#.#
#......#
#.##.### # #.#
..# ####


You could see a steam dragon (catching breath).

Vanquished Creatures
  Prince Ribbit (D:5)
  2 ice beasts (D:5)
  An ogre (D:4)
  A phantom (D:4)
  4 wights (D:5)
  A howler monkey (D:5)
  2 bombardier beetles
  2 jellies (D:4)
  An orc priest (D:5)
  A hound (D:4)
  3 iguanas (D:5)
  Terence (D:2)
  Natasha (thrice) (D:3)
  2 orc wizards (D:3)
  9 adders
  5 dart slugs
  A ribbon worm (D:4)
  12 orcs
  2 ball pythons
  5 bats
  8 endoplasms
  4 giant cockroaches
  6 hobgoblins
  4 jackals (D:2)
  5 quokkas
  2 frilled lizards (D:1)
  10 goblins
  6 kobolds
  8 rats
112 creatures vanquished.

Notes
Turn   | Place    | Note
-------+----------+-------------------------------------------
     0 | D:1      | Biggs the Coglin Hunter began the quest for the Orb.
     0 | D:1      | Reached XP level 1. HP: 16/16 MP: 1/1
    35 | D:1      | Found a faded altar of an unknown god.
    67 | D:1      | Reached skill level 4 in Ranged Weapons
    67 | D:1      | Reached XP level 2. HP: 22/22 MP: 2/2
   311 | D:1      | Reached XP level 3. HP: 27/27 MP: 3/3
   907 | D:2      | Reached skill level 5 in Ranged Weapons
   907 | D:2      | Reached XP level 4. HP: 31/33 MP: 4/4
  1106 | D:2      | Found Qyufihyu's Weapon Shoppe.
  1184 | D:2      | Noticed Terence
  1194 | D:2      | Killed Terence
  1286 | D:3      | Noticed Natasha
  1294 | D:3      | Killed Natasha
  1295 | D:3      | Reached XP level 5. HP: 36/38 MP: 5/5
  1317 | D:3      | Reached skill level 6 in Ranged Weapons
  1336 | D:3      | Noticed Natasha
  1340 | D:3      | Killed Natasha
  1479 | D:3      | Found an opulent altar of Gozag.
  1489 | D:3      | Found a shimmering altar of Xom.
  1499 | D:3      | Noticed Natasha
  1501 | D:3      | Killed Natasha
  1502 | D:3      | Reached XP level 6. HP: 34/44 MP: 6/6
  1797 | D:4      | Found a shimmering blue altar of Sif Muna.
  1839 | D:4      | Reached skill level 7 in Ranged Weapons
  1902 | D:4      | Reached XP level 7. HP: 50/50 MP: 7/7
  2074 | D:4      | Found an ornate altar of the Wu Jian Council.
  2216 | D:4      | Found Xyostrint's Gadget Gallery.
  2278 | D:4      | Reached skill level 8 in Ranged Weapons
  2438 | D:5      | Entered Level 5 of the Dungeon
  2475 | D:5      | Found a blossoming altar of Fedhas.
  2588 | D:5      | Reached XP level 8. HP: 33/56 MP: 8/8
  2713 | D:5      | Reached skill level 9 in Ranged Weapons
  3074 | D:5      | Noticed Prince Ribbit
  3084 | D:5      | Killed Prince Ribbit
  3085 | D:5      | Reached skill level 5 in Fighting
  3085 | D:5      | HP: 3/62 [steam dragon] (5)]
  3086 | D:5      | Engulfed by a steam dragon's steam

Illustrated notes

Levels and vault maps discovered:
D:1:      roderic_crop_circles_arrival_small, layout_loops_ring,
          dreamdust_ecumenical_altar_statues
D:2:      cheibrodos_old_hovel, layout_loops_ring, serial_shops, shop,
          uniq_terence
D:3:      layout_rooms, lemuel_tele_altar, mainiacjoe_overflow_boulevard,
          uniq_natasha
D:4:      layout_gridville, mainiacjoe_overflow_cross_hatched,
          kennysheep_mini_moat, nicolae_shop_gadgets
D:5:      layout_loops_cross, mainiacjoe_overflow_surrounded_room,
          grunt_ministairs_3, uniq_prince_ribbit1

Skill      XL: |  1  2  3  4  5  6  7  8 |
---------------+-------------------------+-----
Ranged Weapons | 4 5 6 7 8 9 |  9.0
Fighting       | 5 |  5.0
Dodging        | 3 |  3.0
Stealth        | |  0.7

Action                     |  1- 3 |  4- 6 |  7- 9 || total
---------------------------+-------+-------+-------++-------
   Fire: Sling             |   152 |   210 |   276 ||   638
  Evoke: Wand              |       |       |     1 ||     1
    Use: Potion            |       |       |     1 ||     1
 Armour: Leather armour    |    11 |    19 |    44 ||    74
  Dodge: Dodged            |    12 |    15 |    33 ||    60

Table legend: (Time is in decaauts)
 A = Elapsed time spent in this place.
 B = Non-inter-level travel time spent in this place.
 C = Inter-level travel time spent in this place.
 D = Time resting spent in this place.
 E = Time spent auto-exploring this place.
 F = Levels seen in this place.
 G = Mean time per level.
                   A        B        C        D        E       F      G
               +--------+--------+--------+--------+--------+-----+--------+
         Total |   3127 |   3050 |     77 |      0 |   2503 |   5 |  625.4 |
       Dungeon |   3127 |   3050 |     77 |      0 |   2503 |   5 |  625.4 |
               +--------+--------+--------+--------+--------+-----+--------+

Top non-repeatable levels by time:
     D:4: 693 daAuts
     D:5: 649 daAuts
     D:2: 644 daAuts
     D:1: 639 daAuts
     D:3: 501 daAuts
